 Dungeon Crawl Stone Soup version 0.31.0-12-g77e489cdc1 (webtiles) character file.

Game seed: 3813704776465955906

421380 Silversnout the Minotaur Barricade (level 22, -2/220 HPs)
             Began as a Minotaur Berserker on Feb 29, 2024.
             Was the Champion of Trog.
             Killed by divine providence
             ... invoked by a living spell
             ... summoned by a walking divine tome
              (22 damage)
             ... on level 3 of the Depths.
             The game lasted 04:02:07 (38802 turns).

Silversnout the Minotaur Barricade (MiBe)          Turns: 38802, Time: 04:02:08

Health: -2/220     AC: 31    Str: 27    XL:     22   Next: 47%
Magic:  21/21      EV: 16    Int:  9    God:    Trog [******]
Gold:   3689       SH: 35    Dex: 28    Spells: 21/21 levels left

rFire   . . .        r - +4 demon blade "Ghostly Widowmaker" {flame, rElec rC++ rCorr Int-5}
rCold   + + .        Z - +6 tower shield of Ignis, Hurting {rElec rN+ rCorr}
rNeg    + + +        t - +3 plate armour of Decompression {Will++ Int+3 Dex+4 Slay+2}
rPois   .            H - +0 hat of Autumn {Will+ Dex+2}
rElec   +            O - scarf {repulsion}
rCorr   +            R - +0 pair of gloves {Str+3}
SInv    .            G - +3 pair of boots of Love and Death {rElec rN++ Regen+ Int-2}
Will    +++++        V - amulet "Yppux" {Faith Regen+ Int+3 Stlth-} Stlth
                     c - ring "Ruepnor" {Fly Will+ Int+6 Dex+3}
HPRegen 3.16/turn    K - +4 ring of slaying
MPRegen 0.17/turn

%: repel missiles, faith
@: flayed, strong-willed, fragile (+50% incoming damage), flying, regenerating,
studying 3 skills
A: horns 2, retaliatory headbutt, talons 1, iridescent scales 1
}: 2/15 runes: barnacled, gossamer
a: Renounce Religion, Berserk, Trog's Hand, Brothers in Arms


You were on level 3 of the Depths.
You worshipped Trog.
Trog was exalted by your worship.
You visited 9 branches of the dungeon, and saw 40 of its levels.
You also visited: Trove, Gauntlet, Ice Cave and Volcano.

You collected 5446 gold pieces.
You spent 1757 gold pieces at shops.

Inventory:

Hand Weapons
 d - a +7 antimagic falchion
 r - the +4 demon blade "Ghostly Widowmaker" (weapon) {flame, rElec rC++ rCorr Int-5}
   (Trog gifted it to you on level 4 of the Lair of Beasts)

   Int-5:     It affects your intelligence (-5).
   rC++:      It greatly protects you from cold.
   rElec:     It insulates you from electricity.
   rCorr:     It protects you from acid and corrosion.
 M - the +5 falchion "Haaluyfaov" {antimagic, rF+ Str+3}
   (Trog gifted it to you on level 4 of the Spider Nest)

   Str+3:     It affects your strength (+3).
   rF+:       It protects you from fire.
 S - a +4 arbalest of flaming
Missiles
 b - 4 throwing nets (quivered)
 A - 5 datura-tipped darts
Armour
 t - the +3 plate armour of Decompression (worn) {Will++ Int+3 Dex+4 Slay+2}
   (You found it in a treasure trove)

   Int+3:     It affects your intelligence (+3).
   Dex+4:     It affects your dexterity (+4).
   Slay+2:    It affects your accuracy & damage with ranged weapons and melee
   (+2).
   Will++:    It greatly increases your willpower.
 G - the +3 pair of boots of Love and Death (worn) {rElec rN++ Regen+ Int-2}
   (You found it in an ice cave)

   Int-2:     It affects your intelligence (-2).
   rElec:     It insulates you from electricity.
   rN++:      It greatly protects you from negative energy.
   Regen+:    It increases your rate of health regeneration.
 H - the +0 hat of Autumn (worn) {Will+ Dex+2}
   (You found it in a treasure trove)

   Dex+2:     It affects your dexterity (+2).
   Will+:     It increases your willpower.
 O - a scarf of repulsion (worn)
 R - a +0 pair of gloves of strength (worn)
 Z - the +6 tower shield of Ignis, Hurting (worn) {rElec rN+ rCorr}
   (You found it in a treasure trove)

   rElec:     It insulates you from electricity.
   rN+:       It protects you from negative energy.
   rCorr:     It protects you from acid and corrosion.
Jewellery
 c - the ring "Ruepnor" (left hand) {Fly Will+ Int+6 Dex+3}
   (You found it on level 1 of the Orcish Mines)

   [ring of intelligence]

   Int+6:     It affects your intelligence (+6).
   Dex+3:     It affects your dexterity (+3).
   Will+:     It increases your willpower.
   Fly:       It grants you flight.
 e - a +6 ring of dexterity
 j - a ring of protection from cold
 n - the ring "Lyrojytz" {Dex+6 Slay+3}
   (You found it in a Gauntlet)

   [ring of dexterity]

   Dex+6:     It affects your dexterity (+6).
   Slay+3:    It affects your accuracy & damage with ranged weapons and melee
   (+3).
 K - a +4 ring of slaying (right hand)
 P - a ring of protection from fire
 T - a ring of see invisible
 V - the amulet "Yppux" (around neck) {Faith Regen+ Int+3 Stlth-}
   (You found it on level 3 of the Elven Halls)

   [amulet of faith]

   Faith:     It allows you to gain divine favour quickly.
   Int+3:     It affects your intelligence (+3).
   Regen+:    It increases your rate of health regeneration.
   Stlth-:    It makes you less stealthy.
Wands
 p - a wand of acid (22)
 E - a wand of digging (14)
 Q - a wand of iceblast (31)
 X - a wand of mindburst (7)
Scrolls
 f - a scroll of brand weapon
 k - 7 scrolls of fear
 v - 10 scrolls of teleportation
 w - 2 scrolls of torment
 y - 2 scrolls of fog
 B - 12 scrolls of revelation
 F - 7 scrolls of noise
 J - 2 scrolls of vulnerability
 Y - 3 scrolls of blinking
Potions
 g - 16 potions of curing
 h - 9 potions of resistance
 i - 5 potions of haste
 o - 4 potions of might
 q - 11 potions of heal wounds
 s - 11 potions of ambrosia
 u - 4 potions of berserk rage
 x - 3 potions of enlightenment
 z - 2 potions of mutation
 C - 4 potions of invisibility
 D - a potion of magic
 L - 5 potions of attraction
 U - 6 potions of cancellation
Miscellaneous
 a - a phial of floods
 l - a box of beasts


   Skills:
 + Level 23.0 Fighting
 + Level 23.3 Long Blades
 + Level 20.4 Armour
 + Level 9.0 Dodging
 O Level 27 Shields
 * Level 9.8 Evocations


You had 21 spell levels left.
You didn't know any spells.
Your spell library was empty.

Dungeon Overview and Level Annotations

Branches:
Dungeon (15/15)            Temple (1/1) D:7            Lair (5/5) D:8
 Shoals (4/4) Lair:2       Spider (4/4) Lair:2        Slime (3/5) Lair:4
    Orc (2/2) D:11            Elf (3/3) Orc:2        Vaults (0/5) D:14
 Depths (3/4) D:15          IceCv (visited)         Volcano (visited)
Gauntlet (visited)

Altars:
Ashenzari
Cheibriados
Dithmenos
Elyvilon
Fedhas
Gozag
Hepliaklqana
Kikubaaqudgha
Makhleb
Nemelex Xobeh
Okawaru
Qazlal
Ru
Sif Muna
Trog
Uskayaw
Vehumet
Wu Jian
Xom
Yredelemnul
Zin
The Shining One
Jiyva

Shops:
D:15 [   Orc:1 =*:[   Orc:2 ?*=[   Elf:1 (   Elf:2 =   Elf:3 =:=   Shoals:1 :

Portals:
Hell: Depths:1 Depths:3
Abyss: Depths:3
Pandemonium: Depths:2
Ziggurat: Depths:3


Innate Abilities, Weirdness & Mutations

You have a pair of horns on your head.
You reflexively headbutt those who attack you in melee.
You have sharp toenails.
You are partially covered in iridescent scales. (AC +2)


Message History

The living spell casts itself at you. Something smites you!
Items here: ) = [[.
Okay, then.
You slice the glass eye!! You burn the glass eye.
The glass eye is heavily wounded.
The glass eye gazes at you.
You feel your fragility will last longer.
You cut the glass eye into ribbons!!! You burn the glass eye!
You kill the glass eye!
Trog accepts your kill.
The walking divine tome erupts in a flurry of living spells!
The living spell casts itself at you. Something smites you!
You slice the walking divine tome!! You burn the walking divine tome.
The walking divine tome is moderately damaged.
You block the walking divine tome's attack.
You barely miss the walking divine tome.
The walking divine tome is moderately damaged.
The living spell casts itself at you. Something smites you!
* * * LOW HITPOINT WARNING * * *
The living spell casts itself at you. Something smites you!
* * * LOW HITPOINT WARNING * * *
You block the walking divine tome's attack.
You feel much better.
The walking divine tome erupts in a flurry of living spells!
Your skin crawls.
You feel strong-willed.
The flayed ghost stares at you with tortured malice.
Terrible wounds spread across more of your body!
* * * LOW HITPOINT WARNING * * *
The walking divine tome erupts in a flurry of living spells!
The living spell casts itself at you. Something smites you!
* * * LOW HITPOINT WARNING * * *
The living spell casts itself at you. Something smites you!
You die...

#. ###### .# ##....#
## #$## #.#...#####
.. ... #.###....8.
.# W* #...#.#8...
*#D #....###..~ #;#
###.####8.. #@#
##.....###.. #*#
##..###.†##8.
###)####..##.#...##.
#...).#..##..#.8..#8
#.###.#.##.).#...###
#. #..##..#.#..####
# #..##...#...##.##
....##..8.#..##..#
########...#[##..###


You could see a storm dragon, a walking divine tome, a flayed ghost and 3 living
smiting commandments.

Vanquished Creatures
  Dissolution (Slime:2)
  3 tentacled monstrosities (Depths:3)
  2 quicksilver dragons (Depths:3)
  3 deep elf blademasters
  Mlioglotl (Spider:4)
  2 walking earthen tomes (Depths:3)
  3 liches (Depths:3)
  A walking frostbound tome (Depths:3)
  2 deep elf master archers (Elf:3)
  3 titans
  A sphinx (Depths:3)
  4 acid blobs
  Polyphemus (Shoals:4)
  Agnes (Spider:4)
  3 storm dragons (Depths:3)
  6 tengu reavers
  2 shadow dragons (Depths:3)
  3 azure jellies
  6 rockslimes
  9 fire giants (Depths:3)
  3 deep elf sorcerers
  An iron dragon (Depths:3)
  19 frost giants
  3 emperor scorpions
  6 deep elf elementalists
  2 spriggan defenders (Depths:3)
  5 ghost moths
  2 formless jellyfish
  2 quicksilver oozes
  4 broodmothers
  20 stone giants
  3 deep elf death magi (Elf:3)
  7 very ugly things
  The ghost of ripuliukko the Eclecticist, a journeyman GrEE of Vehumet (Orc:1)
  8 vampire knights
  3 deep elf demonologists (Elf:3)
  The ghost of Gabide the Impaler, a journeyman DgHW (Lair:4)
  2 deep elf annihilators
  A minotaur (Gauntlet)
  5 spark wasps
  A red draconian (Volcano)
  5 merfolk javelineers
  12 ettins
  Snorg (D:12)
  5 merfolk impalers
  16 fire dragons
  Josephine (Orc:1)
  2 deep elf high priests (Elf:3)
  2 entropy weavers
  2 vault guards (D:14)
  5 rakshasas
  7 hydras
  12 ice dragons
  A spriggan air mage (Depths:3)
  An ironbound frostheart (D:14)
  5 boulder beetles
  4 ogre magi (D:15)
  4 radroaches
  2 merfolk avatars
  2 jorogumos (Spider:3)
  A catoblepas (Shoals:4)
  8 centaur warriors
  3 merfolk aquamancers (Shoals:4)
  13 deep troll earth magi
  A satyr (Shoals:2)
  12 two-headed ogres
  11 death yaks
  3 tengu warriors
  24 dancing weapons
  10 deep troll shamans
  A hell hog (Lair:5)
  7 demonic crawlers
  4 spriggan berserkers
  Urug (Lair:5)
  A shock serpent (shapeshifter) (Elf:3)
  4 orc high priests (Orc:2)
  25 deep elf knights
  5 occultists
  A soul eater (Depths:2)
  7 sun demons
  8 iron trolls
  7 skysharks
  2 hell knights (Depths:3)
  2 salamander mystics (Depths:2)
  The ghost of TangoThomas the Firebug, a novice DsCA of Uskayaw (D:9)
  A sea snake (shapeshifter) (Depths:3)
  11 sea snakes
  7 pharaoh ants
  A swamp dragon (Lair:5)
  9 deep trolls
  11 orb spiders
  9 deep elf archers
  4 glowing orange brains
  2 flayed ghosts (Depths:3)
  5 steelbarb worms
  A sun moth (Shoals:2)
  3 orc knights
  11 fauns
  24 deep elf pyromancers
  26 deep elf zephyrmancers
  2 necromancers
  21 ugly things
  14 manticores
  18 harpies
  3 orc sorcerers
  12 cyclopes
  13 wolf spiders
  5 salamanders (Depths:2)
  7 moths of wrath
  5 merfolk sirens
  3 meliai (Spider:1)
  10 elephants
  4 black mambas
  3 ice statues
  A kobold blastminer (Orc:1)
  2 rust devils (D:10)
  6 torpor snails
  10 cane toads
  A gargoyle (D:9)
  3 water nymphs (Shoals:4)
  An eye of devastation (Slime:2)
  A centaur skeleton (D:15)
  3 yaktaurs (Volcano)
  An unseen horror (D:11)
  An efreet (D:13)
  A freezing wraith (D:14)
  5 rime drakes
  2 tengu conjurers (Depths:3)
  6 komodo dragons
  A queen bee (Spider:3)
  25 merfolk
  11 wind drakes
  13 polar bears
  5 trolls
  18 blink frogs
  31 tarantellas
  A tyrant leech (Gauntlet)
  4 glass eyes
  The ghost of TangoThomas the Shooter, an amateur DsHu (D:3)
  Prince Ribbit (D:7)
  A queen bee (shapeshifter) (D:14)
  A glass eye (shapeshifter) (Depths:3)
  A hornet (D:9)
  12 snapping turtles
  18 dream sheep
  3 raiju (Lair:5)
  22 slime creatures
  4 shadows
  27 jumping spiders
  5 wraiths
  37 yaks
  5 air elementals
  A wyvern (shapeshifter) (D:14)
  3 centaur simulacra
  Eustachio (D:6)
  A human (D:14)
  6 wyverns
  17 culicivoras
  A fire bat (shapeshifter) (Elf:2)
  5 steam dragons
  6 basilisks
  2 fire elementals
  24 water elementals
  4 neqoxecs (Orc:1)
  7 wargs
  7 vampire mosquitoes
  53 redbacks
  2 swamp worms (Gauntlet)
  2 acid dragons (Lair:5)
  11 water moccasins
  16 hell hounds
  20 orc warriors
  An ice beast (D:5)
  2 swamp drakes (Lair:5)
  A sky beast (D:6)
  14 black bears
  24 wolves
  4 laughing skulls
  An ogre (shapeshifter) (D:14)
  12 ogres
  19 centaurs
  2 phantoms
  A kobold brigand (D:9)
  13 bullfrogs
  Blork the orc (D:6)
  3 gnoll sergeants
  A scorpion (D:7)
  A cane toad simulacrum (IceCv)
  2 earth elementals
  5 wights
  An elephant simulacrum (IceCv)
  A hornet simulacrum (D:15)
  31 killer bees
  2 electric eels
  3 howler monkeys
  A bombardier beetle (D:3)
  4 quasits (Orc:1)
  3 jellies
  3 hounds
  32 orc priests
  5 iguanas
  Crazy Yiuf (D:7)
  32 orc wizards
  Jessica (D:3)
  10 gnolls
  6 adders
  A hound simulacrum (D:3)
  2 shadow imps
  A white imp (D:5)
  6 ufetubi (D:6)
  5 ribbon worms
  7 dart slugs
  An adder simulacrum (D:3)
  61 orcs
  An endoplasm (D:3)
  3 giant cockroaches
  5 goblins
  6 hobgoblins
  4 jackals
  4 quokkas
  11 ball pythons
  3 ball python simulacra (D:3)
  2 bats
  5 frilled lizards
  A giant cockroach simulacrum (D:3)
  4 kobolds
  6 rats
1514 creatures vanquished.

Vanquished Creatures (collateral kills)
  2 emperor scorpions (Spider:4)
  A very ugly thing (Depths:2)
  A spark wasp (Spider:4)
  A merfolk impaler (Shoals:4)
  An orb spider (Spider:4)
  A merfolk (Shoals:4)
  4 hornets (Spider:4)
  A warg (Orc:2)
  3 orc warriors (Orc:2)
  An ogre (Orc:2)
  6 orc priests (Orc:2)
  5 orc wizards (Orc:2)
  2 orcs (Orc:2)
29 creatures vanquished.

Vanquished Creatures (others)
  An occultist (D:15)
  An orb spider (Spider:4)
  A deep elf pyromancer (Elf:2)
  A wolf spider (Spider:4)
  An ugly thing (IceCv)
  An orc sorcerer (D:15)
  2 rime drakes (Gauntlet)
  A dream sheep (shapeshifter) (Elf:2)
  A redback (Spider:2)
  An adder (Depths:2)
11 creatures vanquished.

Grand Total: 1554 creatures vanquished

Notes
Turn   | Place    | Note
-------+----------+-------------------------------------------
     0 | D:1      | Silversnout the Minotaur Berserker began the quest for the
                  | Orb.
     0 | D:1      | Reached XP level 1. HP: 19/19 MP: 0/0
   320 | D:1      | Reached XP level 2. HP: 27/27 MP: 1/1
   776 | D:2      | Reached XP level 3. HP: 33/33 MP: 2/2
   809 | D:2      | Reached ** piety under Trog
  1449 | D:3      | Reached XP level 4. HP: 41/41 MP: 3/3
  1550 | D:3      | Noticed Jessica
  1565 | D:3      | Killed Jessica
  1566 | D:3      | Reached skill level 5 in Long Blades
  1625 | D:3      | Found a snail-covered altar of Cheibriados.
  1644 | D:3      | Noticed TangoThomas's ghost (amateur DsHu)
  1683 | D:3      | Reached XP level 5. HP: 29/47 MP: 4/4
  1771 | D:3      | Reached skill level 5 in Fighting
  1869 | D:3      | Found a faded altar of an unknown god.
  1932 | D:3      | Found a runed translucent gate.
  1932 | D:3      | Found a runed translucent gate.
  1933 | D:3      | Found a runed translucent gate.
  3024 | D:4      | Reached XP level 6. HP: 55/56 MP: 5/5
  3169 | D:5      | Entered Level 5 of the Dungeon
  3227 | D:5      | Noticed an orc warrior
  3247 | D:5      | Killed an orc warrior
  3407 | D:5      | Noticed a troll
  3416 | D:5      | Killed a troll
  3417 | D:5      | Reached skill level 5 in Armour
  3417 | D:5      | Reached XP level 7. HP: 41/63 MP: 6/6
  3419 | D:5      | Reached skill level 1 in Shields
  3629 | D:5      | Identified the staff "Ucvunak" {rElec Conj}
  4030 | D:5      | Reached *** piety under Trog
  4264 | D:6      | Noticed Blork the orc
  4271 | D:6      | Killed Blork the orc
  4272 | D:6      | Reached XP level 8. HP: 71/71 MP: 7/7
  4485 | D:6      | Found a broken altar of Ashenzari.
  4488 | D:6      | Found an iron altar of Okawaru.
  4599 | D:6      | Noticed Eustachio
  4604 | D:6      | Reached skill level 2 in Shields
  4626 | D:6      | Killed Eustachio
  4952 | D:6      | Found a sparkling altar of Nemelex Xobeh.
  5022 | D:6      | Found a shadowy altar of Dithmenos.
  5091 | D:7      | Noticed Prince Ribbit
  5106 | D:7      | Killed Prince Ribbit
  5107 | D:7      | Reached XP level 9. HP: 74/79 MP: 8/8
  5179 | D:7      | Reached skill level 3 in Shields
  5228 | D:7      | Found a runed translucent door.
  5229 | D:7      | Noticed Crazy Yiuf
  5280 | D:7      | Found a staircase to the Ecumenical Temple.
  5287 | Temple   | Entered the Ecumenical Temple
  5304 | D:7      | Identified the +1 tower shield "Izxianap" {Harm Will+
                  | Regen+ Int-4}
  5317 | D:7      | Lost intelligence.
  5491 | D:7      | Reached skill level 4 in Shields
  5774 | D:7      | Killed Crazy Yiuf
  5778 | D:7      | Identified the +9 hammer "Xuiff" {drain, rPois}
  5865 | D:8      | Reached **** piety under Trog
  5876 | D:8      | Reached skill level 10 in Long Blades
  6213 | D:8      | Found a hide-covered altar of Uskayaw.
  6217 | D:8      | Reached XP level 10. HP: 90/90 MP: 9/9
  6219 | D:8      | Reached skill level 5 in Shields
  6478 | D:8      | Found a staircase to the Lair.
  6653 | D:3      | Killed TangoThomas's ghost
  6654 | D:3      | Reached skill level 10 in Armour
  6937 | D:9      | Found a transporter.
  6942 | D:9      | Noticed a moth of wrath
  6944 | D:9      | Reached skill level 5 in Dodging
  6948 | D:9      | Noticed TangoThomas's ghost (novice DsCA)
  6968 | D:9      | Noticed an ice dragon
  6982 | D:9      | Found a transporter.
  7195 | D:9      | Reached ***** piety under Trog
  7200 | D:9      | Reached skill level 6 in Shields
  7258 | D:9      | You fall into a shaft and drop 1 floor!
  7258 | D:10     | Entered Level 10 of the Dungeon
  7295 | D:10     | Reached skill level 7 in Shields
  7440 | D:10     | Reached skill level 10 in Fighting
  7440 | D:10     | Reached XP level 11. HP: 92/99 MP: 10/10
  7478 | D:10     | Noticed a two-headed ogre
  7487 | D:10     | Killed a two-headed ogre
  7488 | D:10     | Reached skill level 8 in Shields
  7493 | D:10     | Noticed a two-headed ogre
  7504 | D:10     | Killed a two-headed ogre
  7504 | D:10     | Received a gift from Trog
  8003 | D:9      | Reached skill level 9 in Shields
  8005 | D:9      | Noticed a two-headed ogre
  8017 | D:9      | Killed a two-headed ogre
  8462 | D:8      | Identified a scroll of acquirement
  8462 | D:8      | Acquired the ring "Qidoc" {rN+ EV+5}
  8729 | D:10     | Found a glowing silver altar of Zin.
  9010 | D:10     | Found a portal to a secret trove of treasure.
  9387 | D:11     | Found a transporter.
  9387 | D:11     | Found a transporter.
  9387 | D:11     | Noticed a boulder beetle
  9387 | D:11     | Noticed a boulder beetle
  9387 | D:11     | Noticed a boulder beetle
  9662 | D:11     | Found a staircase to the Orcish Mines.
 10053 | D:11     | Noticed a two-headed ogre
 10057 | D:11     | Killed a two-headed ogre
 10466 | D:10     | Reached XP level 12. HP: 81/112 MP: 11/11
 10599 | D:12     | Noticed a two-headed ogre
 10606 | D:12     | Killed a two-headed ogre
 10795 | D:12     | Noticed Snorg
 10810 | D:12     | Killed Snorg
 10810 | D:12     | Received a gift from Trog
 11254 | D:13     | Noticed an eight-headed hydra
 11317 | D:13     | Noticed a centaur warrior
 11330 | D:13     | Killed a centaur warrior
 11391 | D:13     | Noticed a boulder beetle
 11409 | D:13     | Killed a boulder beetle
 11482 | D:13     | Killed a six-headed hydra
 11678 | D:13     | Noticed a four-headed hydra
 11688 | D:13     | Killed a one-headed hydra
 12022 | D:14     | Noticed a centaur warrior
 12033 | D:14     | Killed a centaur warrior
 12034 | D:14     | Reached skill level 1 in Evocations
 12117 | D:14     | Noticed a five-headed hydra
 12117 | D:14     | Noticed a centaur warrior
 12118 | D:14     | Noticed an ironbound frostheart
 12124 | D:14     | Killed a one-headed hydra
 12130 | D:14     | Reached skill level 10 in Shields
 12133 | D:14     | Killed a centaur warrior
 12135 | D:14     | Noticed a vault guard
 12137 | D:14     | Killed an ironbound frostheart
 12138 | D:14     | Reached XP level 13. HP: 114/119 MP: 12/12
 12187 | D:14     | Found a gate to the Vaults.
 12259 | D:14     | Reached skill level 15 in Armour
 12868 | D:15     | Entered Level 15 of the Dungeon
 13004 | D:15     | Found Ziringa's Antique Armour Shoppe.
 13065 | D:15     | Found an iron altar of Okawaru.
 13086 | D:15     | Reached skill level 15 in Long Blades
 13086 | D:15     | Reached skill level 11 in Shields
 13416 | D:15     | Found a staircase to the Depths.
 13548 | D:15     | Reached XP level 14. HP: 130/133 MP: 13/13
 13896 | Depths:1 | Entered Level 1 of the Depths
 13896 | Depths:1 | Noticed a frost giant
 13906 | D:15     | Killed a frost giant
 14161 | Lair:1   | Entered Level 1 of the Lair of Beasts
 14400 | Lair:1   | Reached skill level 12 in Shields
 14867 | Lair:2   | Found a staircase to the Shoals.
 14873 | Lair:2   | Reached skill level 15 in Fighting
 14888 | Lair:2   | Reached ****** piety under Trog
 14892 | Lair:2   | Received a gift from Trog
 15095 | Lair:2   | Found a hole to the Spider Nest.
 15615 | Lair:3   | Found a frozen archway.
 15632 | IceCv    | Entered an ice cave
 15638 | IceCv    | Found a transporter.
 15657 | IceCv    | Found a transporter.
 15687 | IceCv    | Identified the +3 pair of boots of Love and Death {rElec
                  | rN++ Regen+ Int-2}
 15800 | Lair:3   | Found a dark tunnel.
 15814 | Volcano  | Entered a volcano
 16424 | Lair:3   | Identified the +3 ring mail of Zemnuch {rPois Will- Str+4
                  | Stlth+}
 16622 | Lair:4   | Found a runed translucent gate.
 16622 | Lair:4   | Found a runed translucent gate.
 16622 | Lair:4   | Found a runed translucent gate.
 16947 | Lair:4   | Found a viscous altar of Jiyva.
 16947 | Lair:4   | Found a staircase to the Slime Pits.
 16975 | Lair:4   | Noticed Gabide's ghost (journeyman DgHW)
 17005 | Lair:4   | Killed Gabide's ghost
 17006 | Lair:4   | Reached skill level 13 in Shields
 17052 | Lair:4   | Identified the +2 cloak "Caoczaut" {-Tele rF+++ Will-
                  | Int+8}
 17443 | Lair:5   | Entered Level 5 of the Lair of Beasts
 17452 | Lair:4   | Identified the +4 demon blade "Ghostly Widowmaker" {flame,
                  | rElec rC++ rCorr Int-5} (Trog gifted it to you on level 4
                  | of the Lair of Beasts)
 17452 | Lair:4   | Received a gift from Trog
 17677 | Lair:5   | Noticed Urug
 17689 | Lair:5   | Killed Urug
 17694 | Lair:5   | Reached XP level 15. HP: 144/144 MP: 14/14
 17874 | Lair:5   | Reached skill level 14 in Shields
 18110 | Lair:5   | Received a gift from Trog
 18261 | Lair:5   | Got an earthy gem with 48 turns to spare
 18689 | Lair:5   | Reached skill level 15 in Shields
 18992 | Shoals:1 | Entered Level 1 of the Shoals
 19194 | Shoals:1 | Found Tulupu's Self-Improvement Boutique.
 19225 | Shoals:1 | Bought a manual of Shields for 1520 gold pieces
 19838 | Shoals:2 | Received a gift from Trog
 19893 | Shoals:2 | Reached skill level 16 in Shields
 20317 | Shoals:2 | Reached XP level 16. HP: 139/155 MP: 15/15
 20557 | Shoals:2 | Reached skill level 17 in Shields
 20775 | Shoals:3 | Paralysed by a formless jellyfish for 1 turns
 20932 | Shoals:3 | Received a gift from Trog
 21432 | Shoals:3 | Reached skill level 18 in Shields
 21493 | Shoals:4 | Entered Level 4 of the Shoals
 21650 | Shoals:4 | Paralysed by an air elemental for 1 turns
 21674 | Shoals:4 | Paralysed by an air elemental for 1 turns
 21805 | Shoals:4 | Received a gift from Trog
 21937 | Shoals:4 | Paralysed by an air elemental for 1 turns
 21941 | Shoals:4 | Reached skill level 19 in Shields
 22003 | Shoals:4 | Paralysed by an air elemental for 1 turns
 22014 | Shoals:4 | Paralysed by an air elemental for 1 turns
 22016 | Shoals:4 | Paralysed by an air elemental for 1 turns
 22020 | Shoals:4 | Paralysed by an air elemental for 1 turns
 22049 | Shoals:4 | Noticed Polyphemus
 22063 | Shoals:4 | Killed Polyphemus
 22291 | Shoals:4 | Noticed a titan
 22302 | Shoals:4 | Killed a titan
 22366 | Shoals:4 | Reached skill level 20 in Shields
 22445 | Shoals:4 | Identified the +1 chain mail "Mimaek" {Rampage Str+3}
 22467 | Shoals:4 | Identified the +2 orcbow of Wenaetui {flame, ^Contam rC++}
 22474 | Shoals:4 | Got a barnacled rune of Zot
 22565 | Shoals:4 | Paralysed by a formless jellyfish for 1 turns
 22570 | Shoals:4 | Paralysed by a formless jellyfish for 1 turns
 22579 | Shoals:4 | Reached XP level 17. HP: 52/166 MP: 16/16
 23010 | D:9      | Killed TangoThomas's ghost
 23010 | D:9      | Identified the +3 rapier "Iriffoxt" {flame, rElec rF+
                  | Dex+3} (Trog gifted it to you on level 9 of the Dungeon)
 23010 | D:9      | Received a gift from Trog
 23449 | D:10     | You paid a toll of a +6 demon trident to enter a treasure
                  | trove
 23450 | Trove    | Entered a treasure trove
 23452 | Trove    | Found the +2 pair of slick slippers {slick, slippery, EV+4}
 23456 | Trove    | Identified the orb of Impressiveness {guile, rF++ Dex-2
                  | Fire}
 23464 | Trove    | Identified the +0 crystal plate armour of the Blizzard
                  | {rElec rF+ SInv}
 23466 | Trove    | Identified the +3 plate armour of Decompression {Will++
                  | Int+3 Dex+4 Slay+2}
 23468 | Trove    | Identified the scarf "Wusu" {shadows, rC+}
 23470 | Trove    | Identified the +0 hat of Autumn {Will+ Dex+2}
 23477 | Trove    | Identified the +1 pair of gloves "Jyxofrahu" {Harm Dex+5}
 23482 | Trove    | Identified the +6 tower shield of Ignis, Hurting {rElec rN+
                  | rCorr}
 23735 | D:15     | Reached XP level 18. HP: 173/173 MP: 17/17
 23841 | Orc:1    | Entered Level 1 of the Orcish Mines
 23873 | Orc:1    | Found a transporter.
 24335 | Orc:1    | Found Qeshewk Neti's Jewellery Boutique.
 24472 | Orc:1    | Found Memitick's Book Shoppe.
 24490 | Orc:1    | Found Nucaz's Antique Armour Emporium.
 24580 | Orc:1    | Found Xunitri's Assorted Antiques.
 24659 | Orc:1    | Noticed ripuliukko's ghost (journeyman GrEE)
 24703 | Orc:1    | Noticed Josephine
 24720 | Orc:1    | Killed Josephine
 24750 | Orc:1    | Found a transporter.
 24778 | Orc:1    | Killed ripuliukko's ghost
 24783 | Orc:1    | Got the ring "Ruepnor" {Fly Will+ Int+6 Dex+3}
 24990 | Orc:2    | Entered Level 2 of the Orcish Mines
 25014 | Orc:2    | Reached skill level 21 in Shields
 25021 | Orc:2    | Received a gift from Trog
 25034 | Orc:2    | Found Wadu's Jewellery Shop.
 25040 | Orc:2    | Found Areiczol's Magic Scroll Boutique.
 25041 | Orc:2    | Found Ziextuth's General Store.
 25071 | Orc:2    | Found Seocs's Antique Armour Shop.
 25085 | Orc:2    | Bought an ichor-stained kite shield for 237 gold pieces
 25085 | Orc:2    | Identified the +2 kite shield of Ziwnull {Fly} (You bought
                  | it in a shop on level 2 of the Orcish Mines)
 25195 | Orc:2    | Found a gate leading to a gauntlet.
 25204 | Gauntlet | Entered a Gauntlet
 25204 | Gauntlet | Found a transporter.
 25204 | Gauntlet | Found a transporter.
 25207 | Gauntlet | Found a transporter.
 25208 | Gauntlet | Found a transporter.
 25210 | Gauntlet | Found a transporter.
 25227 | Gauntlet | Found a transporter.
 25239 | Gauntlet | Found a transporter.
 25260 | Gauntlet | Found a transporter.
 25260 | Gauntlet | Found a transporter.
 25261 | Gauntlet | Found a transporter.
 25272 | Gauntlet | Found a transporter.
 25285 | Gauntlet | Found a transporter.
 25298 | Gauntlet | Found a transporter.
 25312 | Gauntlet | Found a transporter.
 25457 | Gauntlet | Identified the +0 pair of gloves "Ohaapedy" {Stlth+}
 25511 | Gauntlet | Identified the +0 pair of gloves "Cokynt" {rElec Will+
                  | Str-4 Dex+2}
 25583 | Gauntlet | Identified the ring "Lyrojytz" {Dex+6 Slay+3}
 25739 | Orc:2    | Found a staircase to the Elven Halls.
 25922 | Elf:1    | Entered Level 1 of the Elven Halls
 25948 | Elf:1    | Found a radiant altar of Vehumet.
 26070 | Elf:1    | Found Siegg's Antique Weapon Shop.
 26257 | Elf:1    | Paralysed by an air elemental for 1 turns
 26514 | Elf:1    | Found a huge runed translucent gate.
 26515 | Elf:1    | Found a huge runed translucent gate.
 26516 | Elf:1    | Found a huge runed translucent gate.
 26516 | Elf:1    | Found a huge runed translucent gate.
 26519 | Elf:1    | Found a huge runed translucent gate.
 26519 | Elf:1    | Found a huge runed translucent gate.
 26520 | Elf:1    | Found a huge runed translucent gate.
 26521 | Elf:1    | Found a huge runed translucent gate.
 26521 | Elf:1    | Found a huge runed translucent gate.
 26521 | Elf:1    | Found a huge runed translucent gate.
 26521 | Elf:1    | Found a huge runed translucent gate.
 26522 | Elf:1    | Found a huge runed translucent gate.
 26522 | Elf:1    | Found a huge runed translucent gate.
 26522 | Elf:1    | Found a huge runed translucent gate.
 26522 | Elf:1    | Found a huge runed translucent gate.
 26522 | Elf:1    | Found a huge runed translucent gate.
 26522 | Elf:1    | Found a huge runed translucent gate.
 26523 | Elf:1    | Found a huge runed translucent gate.
 26523 | Elf:1    | Found a huge runed translucent gate.
 26523 | Elf:1    | Found a huge runed translucent gate.
 27078 | Elf:2    | Received a gift from Trog
 27121 | Elf:2    | Reached skill level 22 in Shields
 27387 | Elf:2    | Found Xattuyso's Jewellery Boutique.
 27507 | Elf:2    | Received a gift from Trog
 27512 | Elf:2    | Found a runed translucent gate.
 27513 | Elf:2    | Found a runed translucent gate.
 27513 | Elf:2    | Found a runed translucent gate.
 27868 | Elf:2    | Reached XP level 19. HP: 183/183 MP: 18/18
 28040 | Elf:3    | Entered Level 3 of the Elven Halls
 28155 | Elf:3    | Reached skill level 23 in Shields
 28192 | Elf:3    | Received a gift from Trog
 28362 | Elf:3    | Found Xistria's Jewellery Shop.
 28362 | Elf:3    | Found Eggem's Book Emporium.
 28363 | Elf:3    | Found Efuv's Jewellery Shop.
 28831 | Elf:3    | Received a gift from Trog
 28921 | Elf:3    | Identified the amulet "Yppux" {Faith Regen+ Int+3 Stlth-}
 28977 | Elf:3    | Identified the +1 great sword of the Demagogue {freeze,
                  | Will+ Stlth+}
 28977 | Elf:3    | Identified the +0 chain mail "Qurghupa" {Dex+4}
 28977 | Elf:3    | Identified the ring "Sumnaan" {Fire Str+3}
 29049 | Elf:3    | Identified the staff of the Whelk {Fly rPois Alchemy}
 29593 | Spider:1 | Entered Level 1 of the Spider Nest
 29730 | Spider:1 | Received a gift from Trog
 29819 | Spider:1 | Reached skill level 24 in Shields
 30699 | Spider:3 | Received a gift from Trog
 31071 | Spider:3 | Reached XP level 20. HP: 195/195 MP: 19/19
 31709 | Spider:4 | Entered Level 4 of the Spider Nest
 31849 | Spider:4 | Noticed Agnes
 31860 | Spider:4 | Killed Agnes
 31860 | Spider:4 | Identified the +11 falchion of the Wraith {heavy, rPois
                  | Will+ Stlth+} (Trog gifted it to you on level 4 of the
                  | Spider Nest)
 31860 | Spider:4 | Received a gift from Trog
 31919 | Spider:4 | Noticed Mlioglotl
 31940 | Spider:4 | Killed Mlioglotl
 32350 | Spider:4 | Reached skill level 25 in Shields
 32533 | Spider:4 | Lost intelligence.
 32717 | Spider:4 | Identified the +5 falchion "Haaluyfaov" {antimagic, rF+
                  | Str+3} (Trog gifted it to you on level 4 of the Spider
                  | Nest)
 32717 | Spider:4 | Received a gift from Trog
 32718 | Spider:4 | Reached skill level 5 in Evocations
 32758 | Spider:4 | Got a gossamer rune of Zot
 32981 | Slime:1  | Entered Level 1 of the Pits of Slime
 33999 | Slime:3  | Noticed Dissolution
 34001 | Slime:3  | Gained mutation: You are clumsy. (Dex -2) [a shining eye]
 34013 | Slime:2  | Killed Dissolution
 34365 | D:15     | Lost mutation: You are clumsy. (Dex -2) [potion of
                  | mutation]
 34365 | D:15     | Gained mutation: You are weak. (Str -2) [potion of
                  | mutation]
 34365 | D:15     | Gained mutation: You expend magic power (3 MP) to
                  | strengthen your wands. [potion of mutation]
 34367 | D:15     | Lost mutation: You are weak. (Str -2) [potion of mutation]
 34367 | D:15     | Lost mutation: You expend magic power (3 MP) to strengthen
                  | your wands. [potion of mutation]
 34367 | D:15     | Gained mutation: You have sharp toenails. [potion of
                  | mutation]
 34367 | D:15     | Gained mutation: You are partially covered in iridescent
                  | scales. (AC +2) [potion of mutation]
 34531 | Depths:1 | Found a gateway to Hell.
 34654 | Depths:1 | Received a gift from Trog
 34744 | Depths:1 | Reached skill level 26 in Shields
 34840 | Depths:1 | Reached XP level 21. HP: 201/204 MP: 20/20
 34907 | Depths:1 | Found a radiant altar of Vehumet.
 35251 | Depths:1 | Found a shimmering blue altar of Sif Muna.
 35527 | Depths:2 | Received a gift from Trog
 35605 | Depths:2 | Identified the +10 battleaxe of Devotion {elec, rF+ Str+3
                  | Dex+3}
 36072 | Depths:2 | Found a one-way gate leading to the halls of Pandemonium.
 36420 | Depths:3 | Received a gift from Trog
 36635 | Depths:3 | Found an ancient bone altar of Kikubaaqudgha.
 36636 | Depths:3 | Found a shimmering altar of Xom.
 36636 | Depths:3 | Found a hazy altar of Hepliaklqana.
 36636 | Depths:3 | Found a bloodstained altar of Trog.
 36914 | Depths:3 | Reached skill level 27 in Shields
 37210 | Depths:3 | Received a gift from Trog
 37335 | Depths:3 | Found a one-way gateway to a ziggurat.
 37398 | Depths:3 | Reached XP level 22. HP: 122/215 MP: 21/21
 37481 | Depths:3 | Identified the staff "Jellybane" {rN+ Int+3 Summ Necro}
 37491 | Depths:3 | Identified the +3 demon blade "Huquxurr" {vamp, Int+2}
 37897 | Depths:3 | Found a one-way gate to the infinite horrors of the Abyss.
 37935 | Depths:3 | Received a gift from Trog
 38692 | Depths:3 | Found a burning altar of Makhleb.
 38788 | Depths:3 | Received a gift from Trog
 38802 | Depths:3 | Killed from afar by a living spell

Illustrated notes

Levels and vault maps discovered:
D:1:      heliophobic_arrival_battle_scene, layout_loops_ring
D:2:      layout_loops_ring
D:3:      layout_loops_ring, mainiacjoe_overflow_boulevard, gammafunk_ghost_icy,
          hellmonk_ecumenical_altar_inner_sanctum, uniq_jessica
D:4:      layout_basic
D:5:      layout_basic
D:6:      layout_rooms, grunt_temple_overflow_open, lemuel_round_altar,
          lemuel_flame_loot_1, uniq_blork_the_orc, uniq_eustachio
D:7:      layout_cave_pools, temple_green, kennysheep_minor_cross,
          uniq_crazy_yiuf_cottage, uniq_prince_ribbit1
D:8:      layout_basic, mainiacjoe_overflow_brackets, erik_lair_orcish_takeover
D:9:      minmay_polygon_palace, layout_stronghold,
          gammafunk_ghost_berserking_beasts
D:10:     cheibrodos_iron_armory, layout_irregular_city, kennysheep_mini_moat,
          nicolae_trove_entry_crystal
D:11:     gammafunk_boulding_lane, layout_layer_cave, orc_0_dummy
D:12:     layout_cave_pools, uniq_snorg
D:13:     layout_gridville
D:14:     layout_basic, hellmonk_vaults_keyhole, minmay_misc_feat_cross
D:15:     grunt_enter_depths_magical_seal, layout_cave_pools, serial_shops,
          shop, hellmonk_okawaru_the_only_friend_you_need, st_stairs_3
Temple:   bh_familiar_temple
Lair:1:   layout_cave_shapes, grunt_megastairs_2
Lair:2:   layout_gridlike, minmay_shoals_entry_beasts,
          nicolae_spider_entry_tight_spaces, cheibrodos_lair_lostbears
Lair:3:   layout_small_grid, portal_ice_cave_rime, enter_volcano_3
Lair:4:   layout_roguey, dpeg_slime_entry_enclosed, ebering_ghost_rock_garden,
          infiniplex_staircase_pool_2, serial_bayou_shore_a, grunt_megastairs_4,
          lemuel_fruit_fields, serial_bayou_shore_b
Lair:5:   hangedman_lair_caniforms_friends, layout_layer_cave,
          guppyfry_lair_end_dragon, uniq_urug
Shoals:1: layout_shoals, nicolae_shop_self_help
Shoals:2: layout_shoals, nicolae_shoals_bring_sunscreen
Shoals:3: layout_shoals, nicolae_shoals_water_elemental_grotto
Shoals:4: shoals_end_hellmonk_storm_palace [storm_palace_center_square,
          storm_palace_corner_reverse_hut, storm_palace_corner_blocked,
          storm_palace_corner_reverse_hut, storm_palace_corner_reverse_hut],
          uniq_polyphemus
Spider:1: layout_spider_delve
Spider:2: layout_spider_delve, drop_trap
Spider:3: nicolae_spider_hilbert_zone_4 [nicolae_spider_hilbert_4_sides_2_open,
          nicolae_spider_hilbert_4_sides_1_open,
          nicolae_spider_hilbert_4_sides_1_open,
          nicolae_spider_hilbert_4_sides_1_open,
          nicolae_spider_hilbert_4_sides_1_open,
          nicolae_spider_hilbert_2_sides_1_open,
          nicolae_spider_hilbert_2_sides_1_open,
          nicolae_spider_hilbert_2_sides_1_open,
          nicolae_spider_hilbert_2_sides_1_open,
          nicolae_spider_hilbert_6_sides_1_open,
          nicolae_spider_hilbert_6_sides_1_open,
          nicolae_spider_hilbert_3_sides_1_open,
          nicolae_spider_hilbert_3_sides_1_open], hive_lemuel
Spider:4: spider_rune_water, nicolae_spider_webs_and_nodes, uniq_mlioglotl,
          uniq_agnes
Slime:1:  layout_caves, cheibrodos_slime_lost_civilization_7
Slime:2:  layout_caves
Slime:3:  layout_caves, dissolution_awaits
Orc:1:    layout_diamond_mine, serial_shops, shop,
          nicolae_shop_advertising_works [nicolae_subvault_shop_adworks],
          shop_statue, nicolae_shop_mannequins, gammafunk_ghost_stat_death,
          uniq_josephine
Orc:2:    st_orc_mages, layout_caves, gauntlet_entry_generic
Elf:1:    eino_elf_arrival_altar, layout_geoelf_grid, serial_shops, shop,
          hangedman_elf_represent
Elf:2:    nicolae_elf_blades_crystal_corner, layout_loops_cross, serial_shops,
          nicolae_shop_trees, chequers_hall_statues_corner_a
Elf:3:    elf_hall_gauntlet_narrow, layout_geoelf_grid,
          nicolae_elf_variegated_diamond, minmay_shop_grove
Depths:1: layout_long_grid, pf_vacation_house_of_asmodeus, led_sif_pool,
          hangedman_abyss_or_decor_lesser_grid, minmay_misc_feat_room,
          minmay_misc_feat_rows, grunt_ministairs_2,
          serial_sigils_hangedman_writhe, kennysheep_flooded_box,
          nicolae_vehumet_altar_sigil
Depths:2: hangedman_cross_stitches, layout_cave_pools, pan_entry,
          minmay_misc_feat_hallway, hellmouth_1, minmay_staircase_windowed_large
Depths:3: minmay_the_grid_ultimate [minmay_the_grid_prize_trominoes,
          minmay_the_grid_prize_trominoes, minmay_the_grid_prize_big_room,
          minmay_the_grid_prize_four_corners,
          minmay_the_grid_square_5x5_moneybag,
          minmay_the_grid_square_5x5_inner_z, minmay_the_grid_square_5x5_fat_x,
          minmay_the_grid_square_5x5_bite, minmay_the_grid_square_5x5_gyroscope,
          minmay_the_grid_square_5x5_pentomino_r,
          minmay_the_grid_square_5x5_meh,
          minmay_the_grid_square_5x5_inverted_slash,
          minmay_the_grid_square_5x5_three_small,
          minmay_the_grid_square_5x5_hourglass,
          minmay_the_grid_square_5x5_inner_i,
          minmay_the_grid_square_5x5_detours,
          minmay_the_grid_square_5x5_minibox, minmay_the_grid_square_5x5_seven,
          minmay_the_grid_square_5x5_sharp_hourglass,
          minmay_the_grid_triangle_9x9_windchime,
          minmay_the_grid_triangle_9x9_shrine,
          minmay_the_grid_triangle_9x9_dagger,
          minmay_the_grid_triangle_9x9_descending_squares,
          minmay_the_grid_triangle_9x9_sprig,
          minmay_the_grid_triangle_9x9_stretched_checkered,
          minmay_the_grid_triangle_9x9_flanged_cone,
          minmay_the_grid_triangle_9x9_pentomino_pain,
          minmay_the_grid_triangle_9x9_negative_grid,
          minmay_the_grid_triangle_9x9_zippers_horizontal,
          minmay_the_grid_triangle_9x9_semitri,
          minmay_the_grid_triangle_9x9_zippers_vertical,
          minmay_the_grid_triangle_9x9_cache,
          minmay_the_grid_triangle_9x9_skeleton,
          minmay_the_grid_triangle_9x9_wacky_v,
          minmay_the_grid_triangle_9x9_minimal, minmay_the_grid_square_5x5_z,
          minmay_the_grid_octo_fat_diamond, minmay_the_grid_octo_clover_2,
          minmay_the_grid_octo_empty, minmay_the_grid_octo_77,
          minmay_the_grid_octo_shrine, minmay_the_grid_octo_checkerflower,
          minmay_the_grid_octo_checkered, minmay_the_grid_octo_odd_swirl,
          minmay_the_grid_tiny_cups, minmay_the_grid_square_x,
          minmay_the_grid_embedded, minmay_the_grid_paths], abyss_entry,
          serial_shops, hell_entry

Skill      XL: |  1  2  3  4  5  6  7  8  9 10 11 12 13 14 15 16 17 18 19 20 21 22 |
---------------+-------------------------------------------------------------------+-----
Long Blades    | 4 5 6 8 10 11 14 15 16 17 18 19 20 21 22 23 | 23.3
Fighting       | 4 5 6 7 8 10 11 12 14 16 17 18 19 20 21 22 23 | 23.0
Armour         | 3 5 6 8 9 11 13 14 15 16 17 18 19 20 | 20.4
Dodging        | 3 4 5 6 7 8 9 |  9.0
Shields        | 1 2 4 7 9 10 11 13 16 20 22 24 26 27 | 27.0
Evocations     | 1 3 6 8 9 |  9.8

Action                     |  1- 3 |  4- 6 |  7- 9 | 10-12 | 13-15 | 16-18 | 19-21 | 22-24 || total
---------------------------+-------+-------+-------+-------+-------+-------+-------+-------++-------
  Melee: Falchion          |    33 |       |    14 |       |       |       |   391 |       ||   438
         Headbutt          |     9 |    19 |    50 |   108 |   314 |   260 |   613 |   113 ||  1486
         Short sword       |    45 |   103 |    13 |       |       |       |       |       ||   161
         Punch             |     2 |       |       |       |       |       |       |       ||     2
         Long sword        |       |       |   209 |       |       |       |       |       ||   209
         Mace              |       |       |    52 |   205 |       |       |       |       ||   257
         Great sword       |       |       |       |   131 |       |       |       |       ||   131
         Scimitar          |       |       |       |    81 |  1150 |  1047 |    93 |       ||  2371
         Demon blade       |       |       |       |       |       |       |  1291 |   270 ||  1561
   Fire: Arbalest          |       |       |       |       |     3 |       |       |       ||     3
  Throw: Dart              |     1 |     3 |       |     2 |     1 |       |       |       ||     7
         Throwing net      |       |       |       |       |       |     1 |       |       ||     1
 Invoke: Berserk           |       |     2 |     2 |     2 |     4 |     6 |     6 |     1 ||    23
         Trog's Hand       |       |       |     1 |       |       |     1 |     4 |     1 ||     7
         Brothers in Arms  |       |       |       |       |       |     2 |     4 |       ||     6
  Evoke: Wand              |       |       |       |     6 |     4 |       |     4 |       ||    14
         Phial of floods   |       |       |       |       |       |       |     1 |       ||     1
    Use: Scroll            |       |       |       |    18 |     9 |     2 |     2 |       ||    31
         Potion            |       |       |       |     3 |       |     1 |     2 |     1 ||     7
   Stab: Distracted        |     1 |       |       |       |       |       |     3 |       ||     4
 Armour: Animal skin       |    26 |       |       |       |       |       |       |       ||    26
         Ring mail         |     7 |    13 |       |       |       |       |       |       ||    20
         Chain mail        |       |    28 |       |       |       |       |       |       ||    28
         Plate armour      |       |    14 |   264 |   415 |   743 |   532 |   740 |    54 ||  2762
  Dodge: Dodged            |    51 |    35 |   122 |   219 |   468 |   230 |   380 |    31 ||  1536
         Repelled          |       |       |       |       |       |       |     7 |     5 ||    12
  Block: Buckler           |       |     7 |    63 |     2 |       |       |       |       ||    72
         Tower shield      |       |       |    13 |       |       |   580 |  2211 |   192 ||  2996
         Kite shield       |       |       |       |   162 |   770 |   486 |       |       ||  1418
